 Dungeon Crawl Stone Soup version 0.31.0-9-g3a7656b989 (webtiles) character file.

Game seed: 16096951328147183352

2926 Kenran the Basher (level 9, -1/81 HPs)
             Began as a Minotaur Delver on Jan 25, 2024.
             Was an Initiate of Okawaru.
             Slain by a gargoyle
             ... wielding a +0 flail
              (17 damage)
             ... on level 7 of the Dungeon.
             The game lasted 00:14:18 (6729 turns).

Kenran the Basher (Minotaur Delver)                 Turns: 6729, Time: 00:14:18

Health: -1/81      AC: 16    Str: 20    XL:     9   Next: 50%
Magic:  8/8        EV:  5    Int:  7    God:    Okawaru [......]
Gold:   290        SH:  9    Dex: 13    Spells: 8/8 levels left

rFire   . . .        s - +0 flail (flame)
rCold   . . .        x - +0 kite shield
rNeg    . . .        n - +0 plate armour
rPois   .            (helmet restricted)
rElec   .            t - +0 cloak
rCorr   .            (no gloves)
SInv    +            l - +1 pair of boots
Will    .....        (no amulet) Stlth
                     h - ring of see invisible
HPRegen 0.33/turn    (no ring)
MPRegen 0.11/turn

%: no passive effects
@: no status effects
A: horns 2, retaliatory headbutt
a: Renounce Religion


You were on level 7 of the Dungeon.
You worshipped Okawaru.
Okawaru was noncommittal.
You visited 2 branches of the dungeon, and saw 8 of its levels.

You collected 290 gold pieces.

Inventory:

Hand Weapons
 s - a +0 flail of flaming (weapon)
 y - a +1 flail of venom
Armour
 l - a +1 pair of boots (worn)
 n - a +0 plate armour (worn)
 t - a +0 cloak (worn)
 x - a +0 kite shield (worn)
Jewellery
 h - a ring of see invisible (left hand)
Wands
 g - a wand of digging (2)
Scrolls
 b - 2 scrolls of identify {unknown}
 c - 2 scrolls of fog
 d - a scroll of revelation
 j - 2 scrolls of immolation {unknown}
 m - 2 scrolls of brand weapon
 p - 2 scrolls of poison {unknown}
 q - a scroll of noise {unknown}
 r - a scroll of enchant weapon {unknown}
 w - a scroll of vulnerability {unknown}
 z - a scroll of teleportation
Potions
 a - a potion of might {unknown}
 e - a potion of brilliance
 f - a potion of attraction {!q}
 i - 2 potions of curing {@q1}
 k - a potion of magic {unknown}
 o - a potion of enlightenment {unknown}
 u - a potion of heal wounds {unknown}
 v - 2 potions of cancellation {unknown}


   Skills:
 - Level 8.0 Fighting
 - Level 12.0 Maces & Flails
 + Level 5.6 Armour
 - Level 2.1 Dodging
 - Level 4.1 Stealth
 - Level 4.0 Shields
 - Level 2.0 Evocations


You had 8 spell levels left.
You didn't know any spells.
Your spell library was empty.

Dungeon Overview and Level Annotations

Branches:
Dungeon (7/15)             Temple (1/1) D:7

Altars:
Ashenzari
Cheibriados
Dithmenos
Elyvilon
Fedhas
Gozag
Hepliaklqana
Kikubaaqudgha
Nemelex Xobeh
Okawaru
Qazlal
Ru
Sif Muna
Trog
Uskayaw
Vehumet
Wu Jian
Xom
Yredelemnul
Zin

Annotations:
D:3 exclusion: downstairs
D:4 Dowan, Duvessa, Pikel
D:6 Jeremiah


Innate Abilities, Weirdness & Mutations

You have a pair of horns on your head.
You reflexively headbutt those who attack you in melee.


Message History

The stone arrow hits you!
The gargoyle hurls a stone arrow at you.
The stone arrow hits you!
You hit the gargoyle but do no damage.
You headbutt the gargoyle, but do no damage.
The gargoyle hits you with a +0 flail.
You barely miss the gargoyle.
You headbutt the gargoyle, but do no damage.
You sock the gargoyle! You burn the gargoyle.
The gargoyle is heavily damaged.
The gargoyle hurls a stone arrow at you.
The stone arrow hits you!!
You hit the gargoyle but do no damage. Your headbutt misses the gargoyle.
The gargoyle is heavily damaged.
The gargoyle hurls a stone arrow at you.
The stone arrow misses you.
You hit the gargoyle but do no damage. Your headbutt misses the gargoyle.
The gargoyle is heavily damaged.
The gargoyle hurls a stone arrow at you.
You block the stone arrow.
You sock the gargoyle! You burn the gargoyle.
The gargoyle is almost destroyed.
The gargoyle hits you with a +0 flail!!
* * * LOW HITPOINT WARNING * * *
You closely miss the gargoyle.
The gargoyle is almost destroyed.
The gargoyle hits you but does no damage.
You hit the gargoyle but do no damage.
The gargoyle is almost destroyed.
The gargoyle hurls a stone arrow at you.
The stone arrow hits you.
* * * LOW HITPOINT WARNING * * *
You barely miss the gargoyle.
The gargoyle is almost destroyed.
The gargoyle hurls a stone arrow at you.
You block the stone arrow.
You hit the gargoyle but do no damage.
The gargoyle is almost destroyed.
The gargoyle hits you with a +0 flail!
You die...

####
≣≣≣≣≣≣≣≣≣≣≣≣≣≣≣≣≣.
♣.♣ ≣.....≣♣♣.♣♣≣.
≣♣♣.♣♣≣.♣.♣.≣♣...♣≣.
≣..♣....♣.♣..)....≣.
≣♣♣.♣♣≣.♣♣♣.≣♣...♣≣.
♣.♣ ≣.♣ ♣.≣♣♣†♣♣≣.
♣.♣ ≣≣≣ ≣≣≣ ≣†♣ ≣.
♣.♣ ♣♣.♣ ≣. ♣@♣ ♣.♣♣
≣. ♣9♣ ♣♣.♣♣≣. ♣.♣
♣♣..♣≣. ... ≣♣.♣♣.≣.
... ≣.♣♣♣.≣. .....
≣.♣..... ..~P.
≣.♣..... ......≣
≣♣♣.♣♣.. ♣.♣ ♣≣.


You could see a gargoyle.

Vanquished Creatures
  A hornet (D:7)
  A wyvern (D:5)
  Edmund (D:6)
  2 water moccasins
  A black bear (D:6)
  An ice beast (D:6)
  An orc warrior (D:7)
  A sky beast (D:6)
  2 ogres
  A lemure (D:3)
  A phantom (D:6)
  A kobold brigand (D:6)
  A bullfrog (D:6)
  2 gnoll sergeants
  3 scorpions
  5 wights (D:7)
  A killer bee (D:7)
  2 bombardier beetles
  A howler monkey (D:7)
  2 gnoll boudas (D:6)
  5 hounds
  2 jellies (D:7)
  3 iguanas
  A sleepcap (D:7)
  2 orc wizards (D:7)
  8 adders
  20 gnolls
  A shadow imp (D:5)
  3 white imps
  A dart slug (D:1)
  A ribbon worm (D:2)
  10 orcs
  3 endoplasms
  3 giant cockroaches
  4 goblins
  9 hobgoblins
  6 jackals (D:1)
  A quokka (D:1)
  9 ball pythons
  4 bats
  6 frilled lizards
  11 kobolds
  5 rats
149 creatures vanquished.

Vanquished Creatures (others)
  A goblin (D:4)
1 creature vanquished.

Grand Total: 150 creatures vanquished

Notes
Turn   | Place    | Note
-------+----------+-------------------------------------------
     0 | D:5      | Kenran the Minotaur Delver began the quest for the Orb.
     0 | D:5      | Reached XP level 1. HP: 19/19 MP: 0/0
    10 | D:5      | Noticed a bombardier beetle
    63 | D:4      | Noticed a hound
    98 | D:4      | Noticed a hound
   101 | D:4      | Noticed Duvessa
   103 | D:4      | Noticed Dowan
   204 | D:4      | Noticed an orc priest
   222 | D:4      | Noticed an orc wizard
   229 | D:4      | Found a shimmering blue altar of Sif Muna.
   263 | D:4      | Noticed an ogre
   320 | D:4      | Reached skill level 3 in Maces & Flails
   320 | D:4      | Reached XP level 2. HP: 19/26 MP: 1/1
   487 | D:2      | Reached skill level 4 in Maces & Flails
   532 | D:2      | Reached XP level 3. HP: 31/31 MP: 2/2
  1026 | D:1      | Reached skill level 5 in Maces & Flails
  1155 | D:1      | Reached XP level 4. HP: 35/39 MP: 3/3
  1733 | D:1      | Reached skill level 6 in Maces & Flails
  2025 | D:2      | Found a glowing silver altar of Zin.
  2142 | D:3      | Found a faded altar of an unknown god.
  2160 | D:3      | Reached XP level 5. HP: 45/45 MP: 4/4
  2642 | D:4      | Reached skill level 7 in Maces & Flails
  2808 | D:4      | Noticed Pikel
  2808 | D:4      | Noticed a lemure
  2808 | D:4      | Noticed a lemure
  2808 | D:4      | Noticed a lemure
  2856 | D:3      | Killed a lemure
  2992 | D:4      | Reached XP level 6. HP: 51/51 MP: 5/5
  3382 | D:5      | Reached skill level 8 in Maces & Flails
  3464 | D:5      | Noticed a wyvern
  3479 | D:5      | Killed a wyvern
  3480 | D:5      | Reached skill level 9 in Maces & Flails
  3611 | D:5      | Reached XP level 7. HP: 52/57 MP: 6/6
  4317 | D:6      | Reached skill level 1 in Armour
  4413 | D:6      | Reached skill level 10 in Maces & Flails
  4676 | D:6      | Reached skill level 5 in Fighting
  4873 | D:6      | Reached XP level 8. HP: 68/68 MP: 7/7
  4896 | D:6      | Reached skill level 5 in Armour
  4955 | D:6      | Noticed Edmund
  4964 | D:6      | Killed Edmund
  4965 | D:6      | Reached skill level 1 in Shields
  5214 | D:6      | Reached skill level 1 in Evocations
  5535 | D:6      | Reached skill level 11 in Maces & Flails
  5757 | D:6      | Noticed Jeremiah
  5862 | D:7      | Found a hazy altar of Hepliaklqana.
  5876 | D:7      | Reached XP level 9. HP: 65/73 MP: 8/8
  6323 | D:7      | Found a staircase to the Ecumenical Temple.
  6417 | Temple   | Entered the Ecumenical Temple
  6432 | Temple   | Became a worshipper of Warmaster Okawaru
  6557 | D:7      | Reached skill level 12 in Maces & Flails
  6715 | D:7      | Noticed a gargoyle
  6729 | D:7      | Slain by a gargoyle

Illustrated notes

Levels and vault maps discovered:
D:1:      lightli_arrival_isolated_outpost, layout_loops_cross,
          serial_bayou_pond_c, st_stairs_13
D:2:      layout_basic, basic_altar, kennysheep_decorative_pillar
D:3:      layout_basic, hellmonk_ecumenical_altar_pennies_from_heaven,
          kennysheep_nondescript
D:4:      layout_basic, tgw_sif, uniq_pikel, uniq_duvessa
D:5:      layout_basic, minivault_23
D:6:      layout_gridville, minmay_tree_intersection, uniq_jeremiah, uniq_edmund
D:7:      nzn_winding_woodlands_medium [nzn_winding_woodlands_hourglass,
          nzn_winding_woodlands_5x15_garden, nzn_winding_woodlands_5x5_cross,
          nzn_winding_woodlands_5x5_closed_star,
          nzn_winding_woodlands_center_triple_pond,
          nzn_winding_woodlands_5x5_three, nzn_winding_woodlands_5x5_perimeter,
          nzn_winding_woodlands_5x15_crooked,
          nzn_winding_woodlands_5x5_open_star], layout_layer_cave,
          mainiacjoe_overflow_cross_hatched, temple_fountains
Temple:   bh_familiar_temple

Skill      XL: |  1  2  3  4  5  6  7  8  9 |
---------------+----------------------------+-----
Maces & Flails | 3 4 5 6 7 9 10 11 12 | 12.0
Armour         | 4 5 |  5.6
Fighting       | 5 6 8 |  8.0
Shields        | 3 4 |  4.0
Evocations     | 2 |  2.0
Dodging        | |  2.1
Stealth        | |  4.1

Action                     |  1- 3 |  4- 6 |  7- 9 || total
---------------------------+-------+-------+-------++-------
  Melee: Mace              |    76 |    33 |       ||   109
         Headbutt          |    10 |    20 |    52 ||    82
         Flail             |       |    99 |   275 ||   374
         Punch             |       |     3 |     2 ||     5
  Evoke: Wand              |     1 |       |       ||     1
    Use: Scroll            |     1 |     5 |       ||     6
         Potion            |     1 |     6 |     2 ||     9
   Stab: Sleeping          |     3 |       |       ||     3
 Armour: Leather armour    |    24 |       |       ||    24
         Plate armour      |    51 |   140 |   273 ||   464
  Dodge: Dodged            |    59 |    34 |    61 ||   154
  Block: Kite shield       |       |       |    72 ||    72
